[Event "Rohde op 09th"]
[Site "Sautron"]
[Date "2009.10.26"]
[Round "3"]
[White "Potkin, Vladimir"]
[Black "Le Roux, Jean Pierre"]
[Result "1-0"]
[ECO "D76"]
[WhiteElo "2615"]
[BlackElo "2474"]
[Annotator "Primel,D"]
[PlyCount "79"]
[EventDate "2009.10.24"]
[EventType "swiss"]
[EventRounds "9"]
[EventCountry "FRA"]
[SourceTitle "EXT 2010"]
[Source "ChessBase"]
[SourceDate "2010.11.25"]
[SourceVersion "1"]
[SourceVersionDate "2010.11.25"]
[SourceQuality "1"]
[TimeControl "6000"]
[WhiteClock "0:00:03"]
[BlackClock "0:00:01"]

1. d4 {1} Nf6 {3} 2. c4 g6 3. g3 Bg7 4. Bg2 d5 5. cxd5 {1} (5. Nf3 O-O 6. O-O
c6 7. cxd5 cxd5 8. Nc3 Nc6 9. Ne5 {Shirov,A (2739)-Naiditsch,A (2647) EU-Cup
23rd Kemer 2007 (6) 1/2}) 5... Nxd5 {5} 6. Nf3 O-O 7. O-O Nb6 8. Nc3 Nc6 9. e3
(9. d5 Na5 10. e4 c6 $132) 9... Re8 10. Re1
{01} (10. d5 Na5 11. Nd4 Bd7 12. Qe2 Qc8 13. Rd1 c6 $11 {Palo,D (2519)
-Areshchenko,A (2625) Grundfos Young Masters 2005 (3) 0-1}) (10. Qe2 e5 11.
dxe5 Nxe5 12. Nxe5 Bxe5 13. Rd1 Qe7 14. e4 h5 $1 $11 {Smyslov,V (2570)
-Kortschnoj,V (2625) Beersheba 1990 (5) 1/2}) 10... Bd7 {7} (10... a5 $5 11. d5
Bxc3 12. bxc3 Qxd5 13. Nd4 Qc4 14. Ba3 Bd7 15. Bf1 Qa4 16. Qxa4 Nxa4 17. Rec1
Ne5 18. Rab1 c5 19. f4 cxd4 20. fxe5 Bf5 21. cxd4 Bxb1 22. Rxb1 e6 23. Rxb7
Reb8 24. Re7 Nc3 25. Bd3 {Navara,D (2654)-Ivanchuk,V (2746)/Prague 2009/
Mega2009 Update 21/0-1}) 11. Qe2 $146 {1 La nouveauté préparée par le
secondant d'ARONIAN mais la R serait mieux placée en d1 pour coopérer avec la
Qe2} (11. b3 a5 12. Bb2 a4 13. Nxa4 Nxa4 14. bxa4 Nb4 15. Qb3 c5 16. dxc5 Bxb2
17. Rad1 Bxa4 18. Rxd8 Bxb3 19. Rxe8+ Rxe8 20. Rb1 Bd5 21. Rxb2 Na6 22. Rd2 e6
23. Ne5 Bxg2 24. Kxg2 Nxc5 25. Rc2 b6 26. Rb2 {Malakhov,V (2675)
-Nepomniachtchi,I (2616)/Pamplona 2008/CBM 128/1/2-1/2}) (11. Ne4 e5 12. dxe5 {
1/2-1/2 Adly,A (2554)-Le Roux,J (2474)/Rijeka 2009/Mega2009 Update 37}) 11...
Qc8 {[%csl Rb7][%cal Ge7e5] 15 Une prépration indispensable avant de réagir au
centre par "e5" et les noirs ont aussi l'option de jouer Bh3 pour éliminer le
fort Bg2} (11... e5 12. Nxe5 Nxe5 13. dxe5 Bxe5 14. Bxb7) 12. Bd2 $1 {[%cal
Gd2c3] 1 Un coup modeste mais utile car les blancs anticipent l'échange de5 en
protégeant le Nc3 tout en soutenant la poussée f4 qui va gagner de l'espace.}
e5 {30} 13. Nxe5 {23 Fin de la préparation du GMI qui avait joué а tempo
jusqu'au 12ème coup} Nxe5 14. dxe5 Bxe5 15. f4 $1 {41} Bg7 {30} 16. e4 $14 {
[%csl Ge4,Gf4][%cal Ge4e5] 42} Bc6 {64} (16... Bg4 17. Qf2 Nc4 18. e5 Nxd2 19.
Qxd2 Qe6 $1 20. Qf2 (20. Bxb7 Qb6+ ) 20...
c6 21. Ne4 $16 ) 17. e5 $1 {[%csl Rg7] 43} Bxg2 {67}
18. Qxg2 $16 {[%csl Rb6,Rb7] Les blancs ont maintenant un bon avantage
d'espace et une avance de développement} Qe6 {71} (18... Nc4 19. Re2 Nxb2 $6
20. Qe4 ) 19. b3 (19. Qxb7 {
plus risqué} Nc4 20. Rad1 Rab8 21. Qxc7
Rxb2 22. Ne4 (22. Bc1) 22... Nxd2 23. Rxd2 Rxd2 24. Nxd2 {
Si les blancs échangent les R, le couple Q et N sera redoutable}) 19... Rad8
20. Ne4 {[%cal Ge4c5,Ge4f6,Ga1d1] 64} (20. Rad1 Nd5 21. Nxd5 Qxd5 22. Qxd5 Rxd5
23. Bc3 (23. Be3) 23... Red8 24. Rxd5 Rxd5 25. Kf2 c6 26. g4 $14) 20... Nd5 {80
} 21. Rac1 Qb6+ 22. Kh1 Nb4 (22... Re7 23. Nc5 c6
$11) 23. Bxb4 Qxb4 24. h4 Re7 (24... Rd4 25. Qe2 f5 26. Ng5 Rd2 27. Qe3 Rxa2 28. Rxc7 ) 25. h5 Qa5 26.
hxg6 hxg6 27. Re2 Qb6 28. Rd2 Rxd2 $6 (28... Red7 $142 29. Rxd7 (29. Rcd1 Rxd2
30. Rxd2 Rxd2 31. Qxd2 Qc6 32. Qd3 f5 33. exf6 Bxf6 34. Kh2 $14) 29... Rxd7)
29. Qxd2 {[%csl Gd2,Ge4,Re7] Les Blancs ont maintenant une bonne finale} Qe6
30. Qd8+ Bf8 31. Nf6+ $40 Kg7 32. Kg2 Qa6 33. Qd2 Qb5 34. Rh1 Qc6+ 35. Qd5
Qxd5+ 36. Nxd5 Rd7 37. Nf6 Rd2+ 38. Kf3 Bc5 39. Rh7+ Kf8 40. Rh8+ 1-0

[Event "Rohde op 12th"]
[Site "Sautron"]
[Date "2012.10.30"]
[Round "5"]
[White "Ider, Borya"]
[Black "Le Roux, Jean Pierre"]
[Result "0-1"]
[ECO "D76"]
[WhiteElo "2394"]
[BlackElo "2563"]
[Annotator "RR"]
[PlyCount "78"]
[EventDate "2012.10.27"]
[EventType "swiss"]
[EventRounds "9"]
[EventCountry "FRA"]
[SourceTitle "EXT 2014"]
[Source "ChessBase"]
[SourceDate "2013.11.20"]
[SourceVersion "1"]
[SourceVersionDate "2013.11.20"]
[SourceQuality "1"]
[TimeControl "40/5400+30:1800+30"]
[WhiteClock "1:30:00"]
[BlackClock "1:30:00"]

1. d4 Nf6 2. Nf3 g6 3. g3 Bg7 4. Bg2 O-O 5. O-O d5 (5... d6
{Retombe sur une Est-Indienne}) 6. c4 Nc6 (
6... c6 {La grande ligne est plus solide}) (6... dxc4 7. Na3 c3) 7. cxd5 Nxd5 8. e4 (8. Nc3 Nb6 9. e3
Re8 ) 8... Nb6 9. d5 Na5 10. Nc3 (10. Qe1 Nac4 11. Nc3 e6 12.
b3 Qf6 $132 {Kortschnoj,V (2635)-Kouatly,B (2445) Cannes 1986 (1) 1-0}) 10...
c6 11. dxc6 $6 {[%emt 0:23:25] Les Blancs sont déjà sortis de
la préparation car ils ont commencé а réfléchir longuement mais dc6 permet aux
Noirs d'égaliser facilement.} (11. Bg5 $142 h6 12. Bf4 cxd5 13. exd5 Nac4 14.
Qe2 $14 {[%cal Ge2c4,Ge2b2,Ga1d1,Ge2e7];Navara,D (2602)-Miroshnichenko,E (2599)
EU-ch playoff 5th rapid 2004 (2) 1/2}) (11. Bf4 $142 cxd5 12. exd5 Nac4 13. Qe2
Bg4 14. h3 Bxf3 15. Bxf3 $14 {Neverov,V (2530)-Zezulkin,J (2465) Swidnica op
rap rapid 1997 (9) 1-0}) 11... Nxc6 $11 12. Qe2 Bg4 13. Be3 Nd4 $1 (13... Ne5) 14. Bxd4 Bxf3 15. Bxf3 Qxd4 16. Rfd1 Qe5 17. Rd3 $146 {[%emt 0:04:39] Un exemple
interessant ou la domination des Blancs de la colonne "d" ne sert pas а
grand-chose} (17. Bg2 Rac8 18. Rac1 Qa5 19. e5 Qxe5 20. Qxe5 Bxe5 21. Bxb7 Rb8
22. Ba6 e6 23. b3 Rfd8 24. Rxd8+ Rxd8 25. Rd1 Rb8 26. Rd3 Kf8 27. Kf1 Ke7 28.
f4 Bg7 29. a3 Na8 30. Ne4 Nc7 31. Bc4 Nb5 {Nambiar,V (2246)-Donaldson,J (2418)/
Lindsborg 2002/CBM 091 ext/0-1 (38)}) 17... e6 $1 18. Rad1 {[%emt 0:03:04] Les Blancs n'ont pas de cible alors que le GMI va en
trouver une sur la colonne "c"} Rac8 $1 19. Bg2 Qa5 $36 (19... Nc4 $5 20. b3 Na3 21. Nb1 Rc2 $36)
20. Qc2 $6 {[%emt 0:08:44][%csl Rc2][%cal Gc8c2] Il est naturel de vouloir
défendre le N mais le vis-à-vis de la Rc8 avec la Qc2 parait trés dangereux}
Nc4 $1 21. Rc1 b5 $17 22. a3 {[%emt 0:10:40] Les Blancs parent la menace
mais les pièces Blanches sont maintenant désorganisées.} a6 23. Qb3 Rfd8 $1 {[%emt 0:06:29] La domination des Blancs de
la colonne "d" a fait long feu} 24. Rxd8+ Rxd8 25. a4 (25. Bf1 Nd2) 25... Nd2 26. Qc2 b4 27. Nd1 b3
$1 {[%emt 0:01:34][%csl Rb2,Gg7] Fixe la faiblesse "b2" tout en gagnant une
case forte "c2"} 28. Qc6 Bd4 $1 29.
Qc7 Bb6 30. Qc6 Qb4 31. Ne3 h5 32. Rd1 Rd6 33. Qc8+ Kg7 34.
e5 Rd8 35. Qxa6 $2 (35. Qc1)
35... Bxe3 36. fxe3 Qc5 $19 37. Kh1 Qxe3 38. Qb7 Ne4 39. Rf1 Nf2+ 0-1